Map: Odyssey LE

Players

Sadist

  • Race: Terran Terran
  • League: Master
  • Spawn Location: 5:00

iggythefisk

  • Race: Terran Terran
  • Spawn Location: 11:00

PhynixHduO

  • Race: Terran Terran
  • League: Diamond

matathemyra

  • Race: Terran Terran

VOD

Have the link to the VOD?

Description

Time

  • Played on: Nov. 20, 2017, 3:40 p.m.
  • Length: 23:22
Show
View Real Time Build Order
Export as new Build Order

Sadist Terran 

Build Orders: Mech 

Get SALT Encoding   

  12  0:00  SCV  
  13  0:12  SCV  
  14  0:17  Supply Depot  
  14  0:25  SCV  
  15  0:29  Refinery  
  15  0:39  SCV  
  16  0:46  Barracks  
  16  0:51  SCV  
  17  0:59  Refinery  
  17  1:03  SCV  
  18  1:15  SCV  
  20  1:33  Orbital Command  
  20  1:34  Reaper  
  20  1:43  Factory  
  20  1:51  Supply Depot  
  20  1:58  SCV  
  21  2:06  Reaper  
  22  2:13  SCV  
  23  2:25  SCV  
  23  2:26  Factory Reactor  
  24  2:33  Supply Depot  
  24  2:38  SCV  
  24  2:40  Barracks Reactor  
  24  2:49  Starport  
  24  2:50  SCV  
  25  3:02  SCV, Cyclone x2  
  32  3:14  SCV  
  33  3:26  SCV  
  34  3:27  Starport Tech Lab  
  34  3:31  Barracks Reactor  
  34  3:37  Command Center  
  34  3:40  SCV  
  35  3:46  Supply Depot  
  35  3:50  Raven  
  35  3:55  SCV  
  37  4:07  SCV  
  38  4:20  SCV  
  38  4:21  Supply Depot  
  38  4:24  Factory Tech Lab  
  39  4:26  Barracks Tech Lab  
  39  4:32  SCV  
  39  4:36  Factory  
  39  4:38  Engineering Bay  
  40  4:44  Refinery, SCV  
  40  4:45  Refinery  
  41  4:46  Siege Tank  
  41  4:49  Marine  
  45  4:56  Orbital Command  
  45  4:57  SCV  
  46  5:03  Viking  
  48  5:11  SCV  
  49  5:20  Siege Tank  
  52  5:23  SCV  
  52  5:28  Factory  
  53  5:29  SCV  
  53  5:31  Hellion  
  53  5:34  Viking  
  58  5:41  SCV  
  58  5:42  Viking  
  61  5:44  SCV  
  61  5:48  Supply Depot  
  62  5:52  Supply Depot  
  62  5:55  Siege Tank  
  65  5:58  SCV  
  66  6:05  Viking  
  66  6:10  SCV  
  69  6:12  Viking  
  69  6:18  Siege Tank  
  72  6:25  Supply Depot  
  72  6:27  Hellion  
  74  6:35  Viking  
  74  6:39  Supply Depot  
  80  6:56  Hellion  
  80  6:57  Hellion x2  
  81  7:02  Command Center  
  81  7:05  SCV  
  81  7:06  SCV  
  83  7:09  Liberator  
  83  7:10  Hellion  
  85  7:18  Siege Tank, SCV x2, Hellion  
  85  7:21  Viking  
  94  7:29  Supply Depot  
  97  7:30  SCV x2  
  97  7:33  Supply Depot  
  97  7:34  Liberator  
  99  7:42  SCV x2  
  101  7:49  Infernal Pre-Igniter  
  103  7:51  Hellion  
  103  7:53  Supply Depot  
  103  7:54  SCV x2  
  103  7:57  Hellion  
  110  8:00  Hellion  
  112  8:06  SCV x2  
  114  8:14  Viking  
  114  8:18  SCV  
  109  8:21  Armory  
  109  8:22  Siege Tank  
  109  8:23  SCV  
  114  8:31  SCV  
  114  8:32  Orbital Command  
  114  8:35  Refinery x2, Hellion, Armory  
  114  8:37  Hellion  
  118  8:44  SCV x2  
  118  8:46  Siege Tank  
  119  8:54  Liberator, Hellion  
  117  8:56  SCV, Barracks Tech Lab  
  117  8:57  SCV  
  117  9:00  Hellion  
  117  9:02  SCV  
  122  9:04  Factory  
  122  9:09  Factory, SCV x2  
  121  9:12  Viking  
  121  9:14  SCV  
  111  9:21  SCV x2  
  111  9:23  Hellion x2, Siege Tank  
  112  9:26  SCV  
  112  9:27  Siege Tank  
  114  9:33  SCV  
  115  9:39  Starport  
  115  9:53  Viking  
  115  9:54  Viking  
  115  9:55  Siege Tank  
  122  10:03  Command Center, Supply Depot  
  122  10:04  Supply Depot, Terran Vehicle And Ship Armor Level 1, Terran Vehicle Weapons Level 1  
  122  10:05  Supply Depot  
  122  10:06  Missile Turret  
  122  10:08  Supply Depot, Hellion  
  122  10:09  Hellion  
  122  10:11  Hellion  
  126  10:14  Smart Servos  
  126  10:17  Hellion  
  128  10:22  SCV x2  
  128  10:23  Viking  
  131  10:35  Hellion, Siege Tank x2  
  141  10:36  Hellion, Siege Tank  
  141  10:38  Hellion  
  141  10:40  Hellion  
  148  10:45  Command Center  
  148  10:46  Supply Depot  
  144  10:57  Hellion x2  
  144  10:59  Viking, Hellion  
  144  11:02  Viking, Hellion  
  150  11:07  Siege Tank x2  
  150  11:09  Supply Depot, Hellion  
  150  11:11  Starport Tech Lab  
  158  11:19  Refinery  
  158  11:21  Hellion  
  158  11:22  Liberator, Hellion  
  162  11:26  Supply Depot  
  162  11:29  Viking  
  162  11:30  Siege Tank  
  167  11:33  Supply Depot  
  167  11:39  Siege Tank x2  
  171  11:46  Hellion x2  
  175  11:48  Hellion x2  
  175  11:51  Viking  
  179  11:54  SCV x3  
  179  11:58  Planetary Fortress  
  182  12:02  Siege Tank  
  182  12:05  Viking  
  182  12:07  Hellion x2  
  188  12:09  Hellion x2  
  192  12:21  Viking  
  192  12:22  Viking  
  192  12:33  Hellion, Siege Tank  
  192  12:35  Viking, Hellion  
  192  12:36  Hellion  
  199  12:39  Supply Depot  
  194  12:51  Refinery, Viking  
  193  12:52  Viking  
  193  12:58  Hellion, Siege Tank  
  200  13:03  Command Center  
  200  13:05  Hellion, Siege Tank  
  199  13:13  Supply Depot  
  199  13:19  Command Center, Terran Ship Weapons Level 1, Terran Vehicle And Ship Armor Level 2  
  199  13:34  Viking x3  
  193  13:57  Thor  
  187  14:24  Thor x2  
  192  14:38  Orbital Command  
  190  14:41  Refinery  
  190  14:42  Thor  
  190  14:43  Planetary Fortress  
  196  14:47  Refinery x2  
  196  14:50  Viking x2  
  200  15:03  Hellion  
  192  15:13  Terran Vehicle Weapons Level 2  
  190  15:16  Siege Tank x2  
  190  15:17  Hellion x3  
  198  15:25  Hellion  
  194  15:38  Siege Tank  
  194  15:39  Hellion x3  
  192  15:46  Hellion  
  192  15:48  Siege Tank x2  
  192  16:00  Hellion x3  
  178  16:08  Hellion  
  178  16:10  Siege Tank  
  140  16:13  Command Center  
  140  16:14  Viking  
  140  16:15  Viking  
  138  16:20  Siege Tank  
  138  16:21  Hellion x2, Siege Tank  
  138  16:22  Hellion  
  134  16:29  Refinery, Hellion  
  120  16:43  Hellion x3, Siege Tank  
  120  16:45  SCV  
  120  16:46  SCV x3  
  120  16:47  SCV  
  124  16:50  Hellion  
  124  16:51  Viking  
  124  16:52  Siege Tank  
  124  16:53  Siege Tank  
  124  16:54  Viking  
  127  16:57  SCV  
  127  16:58  SCV x3  
  126  17:04  Hellion  
  126  17:07  Viking  
  130  17:09  Command Center  
  130  17:15  Siege Tank  
  133  17:21  Viking  
  135  17:24  Viking  
  135  17:25  Siege Tank x2  
  135  17:26  Planetary Fortress  
  135  17:29  Missile Turret  
  143  17:34  Missile Turret  
  143  17:35  Hellion x2  
  147  17:37  Viking  
  147  17:42  Hellion  
  150  17:47  Siege Tank  
  150  17:50  SCV x4  
  155  17:51  Hellion  
  155  17:55  Viking  
  155  17:56  Hellion  
  155  17:57  Siege Tank x2  
  155  17:58  Terran Ship Weapons Level 2  
  167  18:14  Hellion x2, SCV  
  167  18:15  SCV x3  
  167  18:19  Siege Tank  
  175  18:27  Hellion x2  
  175  18:29  Siege Tank x2  
  183  18:37  Hellion  
  183  18:38  SCV x3  
  181  18:45  Viking  
  181  18:47  Liberator  
  175  18:49  Viking  
  175  18:51  Siege Tank  
  168  18:58  Liberator  
  168  18:59  Refinery  
  168  19:00  Refinery  
  168  19:01  Siege Tank x2  
  167  19:14  Hellion  
  150  19:19  Viking  
  150  19:23  Siege Tank  
  153  19:33  Siege Tank x2  
  146  19:47  Viking  
  146  19:48  Hellion x3  
  146  19:49  Viking, Hellion  
  158  19:55  Siege Tank  
  158  19:58  Viking  
  161  20:05  Siege Tank x2  
  160  20:16  Starport  
  160  20:17  Starport, Viking  
  160  20:19  Viking  
  156  20:27  Siege Tank  
  156  20:28  Viking  
  152  20:37  Thor x2  
  152  20:41  Missile Turret  
  156  20:47  Viking  
  137  20:59  Thor  
  137  21:03  Hellion x2  
  136  21:13  Thor x2  
  127  21:20  Thor x2, Hellion  
  127  21:21  Hellion  
  129  21:36  Hellbat x2  
  124  21:42  Thor, Hellbat  
  126  21:48  Missile Turret  
  126  21:52  Hellion  
  128  21:54  Orbital Command  
  128  22:02  Thor  
  128  22:24  SCV  
  128  22:25  SCV  
  127  22:37  SCV  
Show
View Real Time Build Order
Export as new Build Order

iggythefisk Terran 

Build Orders: Reaper Expand 

Get SALT Encoding   

  12  0:00  SCV  
  13  0:12  SCV  
  14  0:19  Supply Depot  
  14  0:25  SCV  
  15  0:41  SCV  
  16  0:43  Barracks  
  16  0:45  Refinery  
  16  0:53  SCV  
  17  1:05  SCV  
  18  1:17  SCV  
  19  1:30  Reaper  
  21  1:33  Orbital Command  
  20  1:44  Command Center  
  20  1:59  SCV  
  20  2:00  Supply Depot  
  21  2:03  Reaper  
  21  2:08  Refinery  
  22  2:11  SCV  
  23  2:20  Bunker  
  23  2:23  SCV  
  23  2:27  Factory  
  24  2:34  Marine  
  24  2:35  SCV  
  26  2:48  SCV  
  27  2:59  Orbital Command  
  27  3:00  SCV  
  27  3:05  Barracks Reactor  
  28  3:12  SCV  
  29  3:13  Factory  
  29  3:20  Cyclone  
  29  3:22  Refinery  
  29  3:24  SCV x2  
  34  3:36  SCV  
  34  3:37  SCV  
  35  3:47  Marine x2  
  37  3:51  SCV x2  
  37  3:52  Cyclone  
  42  3:58  Factory Tech Lab  
  42  4:00  Starport  
  42  4:05  Marine x2  
  42  4:06  SCV x2  
  46  4:22  Supply Depot  
  46  4:24  Supply Depot  
  46  4:25  Factory Tech Lab  
  46  4:34  Supply Depot  
  46  4:39  Refinery  
  46  4:44  Medivac, Siege Tank, SCV, Marine x2  
  54  4:49  Siege Tank  
  54  4:50  SCV  
  58  4:53  Supply Depot  
  58  4:56  SCV  
  59  5:02  SCV, Marine  
  61  5:08  SCV  
  61  5:10  Marine  
  61  5:11  Barracks  
  63  5:16  Siege Tank  
  63  5:18  SCV  
  63  5:20  SCV  
  71  5:21  Siege Tank  
  71  5:26  Marine  
  71  5:27  Viking, Marine  
  75  5:32  Engineering Bay  
  75  5:44  Marine  
  75  5:48  Command Center  
  76  6:00  Supply Depot  
  76  6:03  Supply Depot  
  76  6:06  Barracks Tech Lab  
  76  6:14  Raven, Armory  
  76  6:16  Armory  
  78  6:22  SCV x2, Siege Tank  
  78  6:24  Factory Tech Lab  
  83  6:26  Stimpack, Marine  
  83  6:27  Marine  
  83  6:28  Marine  
  86  6:34  Supply Depot  
  86  6:35  Supply Depot  
  86  6:37  SCV  
  86  6:38  SCV  
  88  6:41  Terran Infantry Weapons Level 1  
  88  6:46  Siege Tank  
  91  6:49  SCV  
  91  7:01  Orbital Command  
  91  7:05  Terran Vehicle Weapons Level 1  
  90  7:09  Terran Vehicle And Ship Armor Level 1  
  90  7:13  SCV x2  
  92  7:21  Marine x2  
  92  7:22  Thor  
  94  7:25  SCV x2  
  94  7:26  Orbital Command  
  102  7:33  Starport  
  102  7:39  Marine  
  102  7:40  Hellion  
  105  7:44  SCV x2  
  107  7:55  Viking x2  
  107  7:56  Marine  
  107  7:58  Marauder  
  111  8:00  SCV x3  
  111  8:02  Siege Tank  
  112  8:13  Missile Turret  
  112  8:19  Viking  
  111  8:23  SCV  
  111  8:24  SCV x2  
  111  8:25  Refinery, Viking x2, Marine  
  111  8:26  Refinery, Marine  
  120  8:29  Hellion  
  122  8:34  Supply Depot  
  122  8:36  Supply Depot  
  122  8:41  Siege Tank  
  122  8:43  Supply Depot  
  124  9:08  SCV  
  124  9:09  SCV x2  
  125  9:10  Viking x2  
  125  9:11  Viking  
  125  9:12  Marine, Siege Tank  
  125  9:13  Marine  
  130  9:20  SCV  
  130  9:21  SCV x2  
  130  9:22  Supply Depot x2  
  127  9:30  Siege Tank  
  130  9:40  Viking x2  
  130  9:41  Raven  
  130  9:42  SCV x3  
  139  9:48  Supply Depot x2  
  139  9:54  SCV  
  140  10:08  Command Center  
  140  10:16  Siege Tank x2  
  140  10:18  Viking x2  
  150  10:23  Viking  
  152  10:35  Terran Ship Weapons Level 1  
  150  10:36  Terran Vehicle Weapons Level 2  
  150  10:40  Terran Infantry Armor Level 1  
  150  10:43  Command Center  
  144  11:05  SCV x3  
  144  11:09  Siege Tank x2  
  153  11:11  Viking  
  153  11:12  Viking x2  
  153  11:13  Marauder, Barracks Reactor  
  161  11:21  Factory  
  161  11:37  Starport  
  154  11:50  Marine x2  
  154  11:52  Viking x2  
  154  11:53  Raven  
  154  11:54  Siege Tank  
  165  11:55  Siege Tank  
  165  11:56  Marine  
  165  11:59  SCV  
  165  12:01  Refinery  
  171  12:02  Refinery  
  171  12:03  Planetary Fortress  
  171  12:06  SCV x2  
  171  12:08  Factory Tech Lab  
  172  12:18  Starport Reactor  
  172  12:22  Refinery  
  172  12:27  Refinery  
  169  12:43  Marine  
  159  12:45  Banshee  
  159  12:47  Siege Tank x3  
  159  12:48  Viking x2  
  175  13:03  Command Center  
  175  13:05  Orbital Command  
  175  13:09  Orbital Command, Planetary Fortress  
  175  13:10  Orbital Command  
  175  13:14  Marauder, Marine x2  
  175  13:17  Viking x2  
  175  13:18  Viking x2  
  175  13:19  Hellion x2  
  193  13:20  Hellion  
  193  13:28  Viking  
  183  13:44  Siege Tank x2  
  183  13:45  Siege Tank  
  192  13:52  Supply Depot  
  192  13:53  Viking  
  194  14:05  Viking  
  196  14:12  Marine  
  196  14:13  Viking, Marine  
  194  14:28  SCV  
  170  14:40  Siege Tank x2  
  170  14:41  Siege Tank  
  170  14:42  Viking x3  
  170  14:43  Viking x2  
  170  14:44  Marine x3  
  192  14:48  Terran Vehicle And Ship Armor Level 2  
  192  14:53  SCV  
  192  14:54  SCV  
  194  15:00  Planetary Fortress  
  194  15:03  SCV x2  
  192  15:08  SCV  
  189  15:22  Viking x2  
  189  15:24  Siege Tank x2  
  199  15:32  SCV  
  197  15:38  Terran Vehicle Weapons Level 3  
  182  15:48  Command Center  
  112  16:29  Siege Tank  
  112  16:31  Viking x2  
  112  16:32  Siege Tank x2  
  117  16:34  Raven, Viking x2  
  117  16:35  Marine x3  
  123  16:51  Barracks, SCV  
  123  16:54  Marine x2  
  125  16:55  Marauder  
  125  17:01  Viking x2, Siege Tank  
  127  17:04  Viking x2, Siege Tank x2  
  127  17:08  SCV  
  142  17:09  SCV x3  
  145  17:17  Viking  
  145  17:20  SCV  
  145  17:21  SCV x2  
  150  17:29  Marine  
  150  17:30  Marine  
  150  17:34  Viking x2, Siege Tank  
  150  17:36  Siege Tank  
  150  17:37  Siege Tank  
  165  17:39  Command Center  
  165  17:47  Viking  
  164  17:55  Marine x2  
  164  17:56  Marauder, Viking x2  
  172  18:04  Viking x2  
  175  18:09  Liberator x2  
  175  18:17  Liberator x2  
  175  18:18  Siege Tank x2  
  175  18:19  Siege Tank  
  183  18:21  Banshee, Marine x2  
  181  18:41  Marine  
  179  18:42  Marine x2  
  178  18:50  Siege Tank x2  
  178  18:54  Command Center  
  172  18:58  Marine  
  173  19:06  Liberator x2  
  168  19:20  Marine  
  168  19:21  Marine  
  168  19:22  Viking  
  168  19:23  Siege Tank  
  168  19:24  Siege Tank  
  183  19:35  Command Center  
  178  20:03  Liberator  
  176  20:19  Viking  
  176  20:20  Viking  
  180  20:21  Viking  
  180  20:22  Viking, Marine x2  
  180  20:23  Siege Tank x3  
  195  20:42  Command Center  
  194  20:59  Siege Tank x2  
  194  21:00  Siege Tank  
  181  21:23  Marine x2  
  181  21:24  Marine  
  184  21:25  Viking x2  
  184  21:26  Viking x2  
  184  21:28  Raven  
  184  21:32  Orbital Command  
  194  21:36  Refinery  
  194  21:38  Planetary Fortress  
  191  21:40  Refinery  
  191  21:45  Siege Tank  
  191  21:46  Liberator  
  194  21:48  Liberator  
  200  22:14  Sensor Tower  
  190  22:42  Siege Tank x2  
  191  23:13  Refinery  
Show
View Real Time Build Order
Export as new Build Order

PhynixHduO Terran 

Build Orders:  

Get SALT Encoding   

Show
View Real Time Build Order
Export as new Build Order

matathemyra Terran 

Build Orders:  

Get SALT Encoding   

Tags
 
Add a new tag
Caveats
  • Supply blocks, unpowered buildings, or Contaminate may cause inaccurate times.
  • Supply counts are checked every 10 seconds.